 Seeded DCSS version 0.27.1-34-g3ba077fa99 (webtiles) character file.

Game seed: 17438665072932102009 (custom seed)

19 Hubjo the Vexing (level 2, 0/20 HPs)
             Began as a Vampire Enchanter on Feb 5, 2022.
             Succumbed to an adder's poison
             ... on level 2 of the Dungeon.
             The game lasted 00:01:45 (230 turns).

Hubjo the Vexing (Vampire Enchanter)                 Turns: 230, Time: 00:01:45

Health: 0/20       AC:  2    Str:  7    XL:     2   Next: 55%
Magic:  5/5        EV: 13    Int: 17    God:
Gold:   37         SH:  0    Dex: 14    Spells: 4/5 levels left

rFire    . . .     SeeInvis +   a - +1 dagger
rCold    . . .     Faith    .   (no shield)
rNeg     . . .     Spirit   .   b - +0 robe
rPois    .         Reflect  .   (no helmet)
rElec    .         Harm     .   (no cloak)
rCorr    .         Rampage  .   (no gloves)
Will     .....                  (no boots)
Stlth    +++.......             (no amulet)
HPRegen  0.26/turn              (no ring)
MPRegen  0.09/turn              (no ring)

@: lethally poisoned (0 -> -9), healing quickly
A: alive, fangs 3, see invisible, vampiric 1
a: Exsanguinate


You were on level 2 of the Dungeon.
You visited 1 branch of the dungeon, and saw 2 of its levels.

You collected 37 gold pieces.

Inventory:

Hand Weapons
 a - a +1 dagger (weapon)
Armour
 b - a +0 robe (worn)
Scrolls
 d - a scroll of identify {unknown}
 e - a scroll of blinking {unknown}
 f - a scroll of teleportation {unknown}
Potions
 c - a potion of experience
 g - a potion of curing {unknown}


   Skills:
 * Level 0.5 Fighting
 + Level 2.0(2.1) Short Blades
 + Level 0.8(1.4) Long Blades
 + Level 0.6(1.2) Axes
 + Level 0.5(1.0) Maces & Flails
 + Level 1.1(1.3) Polearms
 + Level 0.5(1.1) Staves
 + Level 0.5(0.8) Slings
 + Level 0.5 Bows
 + Level 0.5 Crossbows
 + Level 0.5(0.8) Throwing
 + Level 0.5 Armour
 + Level 3.5 Dodging
 * Level 4.5 Stealth
 + Level 0.6 Shields
 + Level 0.9 Unarmed Combat
 - Level 2.0 Spellcasting
 + Level 0.4 Conjurations
 + Level 4.9 Hexes
 + Level 0.8 Summonings
 + Level 0.9 Necromancy
 + Level 0.5 Translocations
 + Level 0.9 Transmutations
 + Level 0.5 Fire Magic
 + Level 1.8 Ice Magic
 + Level 0.8 Air Magic
 + Level 0.8 Earth Magic
 + Level 1.3 Poison Magic
 + Level 0.6 Invocations
 + Level 0.6 Evocations


You had 4 spell levels left.
You knew the following spells:

 Your Spells              Type           Power      Damage    Failure   Level
a - Corona                Hex            20%        N/A       2%          1

Your spell library contained the following spells:

 Spells                   Type           Power      Damage    Failure   Level
 Ensorcelled Hibernation  Hex/Ice        26%        N/A       8%          2
 Confusing Touch          Hex            18%        N/A       8%          3
 Tukima's Dance           Hex            18%        N/A       8%          3
 Dazzling Flash           Conj/Hex       20%        N/A       19%         3


Dungeon Overview and Level Annotations

Branches:
Dungeon (2/15)

Altars:


Innate Abilities, Weirdness & Mutations

Your natural rate of healing is accelerated.
You have razor-sharp teeth.
You have supernaturally acute eyesight. (SInv)
You are afflicted with vampirism.


Message History

The adder completely misses you.
You hit the adder.
The adder is moderately wounded.
The adder misses you.
You miss the adder.
The adder is moderately wounded.
The adder bites you.
You are poisoned.
The adder poisons you!
You miss the adder.
The adder is lightly wounded.
You feel sick. The adder barely misses you. The adder completely misses you.
You hit the adder.
The adder is moderately wounded.
You feel sick. The adder misses you.
You barely miss the adder.
The adder is moderately wounded.
You feel sick. The adder bites you but does no damage.
You hit the adder.
The adder is heavily wounded.
You feel sick. The adder bites you.
You are lethally poisoned!
The adder poisons you!
You hit the adder.
The adder is severely wounded.
* * * LOW HITPOINT WARNING * * *
You feel sick. The adder bites you.
* * * LOW HITPOINT WARNING * * *
You are more poisoned.
The adder poisons you! The adder bites you.
* * * LOW HITPOINT WARNING * * *
It was a potion of experience.
You feel more experienced!
Your Short Blades skill increases to level 2!
Your Polearms skill increases to level 1!
Your Dodging skill increases to level 3!
Your Ice Magic skill increases to level 1!
Your Poison Magic skill increases to level 1!
You have reached level 2!
You die...

..#..........#
#.#..........#
#............# #
#...........#
#.####..........##
................#
#..............
#......@S......
######.<........<...
....................
..................##
.................#..
.......#........#8.⌠
###########....###..
#...#8# #. ..#...


You could see an adder.

Vanquished Creatures
  A ball python (D:1)
  A hobgoblin (D:2)
  3 rats
5 creatures vanquished.

Notes
Turn   | Place    | Note
-------+----------+-------------------------------------------
     0 | D:1      | Hubjo the Vampire Enchanter began the quest for the Orb.
     0 | D:1      | Reached XP level 1. HP: 13/13 MP: 3/3
   230 | D:2      | Reached skill level 1 in Polearms
   230 | D:2      | Reached skill level 1 in Ice Magic
   230 | D:2      | Reached skill level 1 in Poison Magic
   230 | D:2      | Reached XP level 2. HP: 2/20 MP: 5/5
   230 | D:2      | Succumbed to an adder's poison

Illustrated notes

Levels and vault maps discovered:
D:1:      matt_arrival_los_fun, layout_basic, serial_shops,
          nicolae_shop_overgrown_old_shop
D:2:      layout_rooms, shapermc_ecumenical_altar_venn, minmay_tall_x

Skill      XL: |  1 |
---------------+----+-----
Short Blades   | 2 |  2.0
Polearms       | 1 |  1.1
Dodging        | 3 |  3.5
Ice Magic      | 1 |  1.8
Poison Magic   | 1 |  1.3
Fighting       | |  0.5
Long Blades    | |  0.8
Axes           | |  0.6
Maces & Flails | |  0.5
Staves         | |  0.5
Slings         | |  0.5
Bows           | |  0.5
Crossbows      | |  0.5
Throwing       | |  0.5
Armour         | |  0.5
Stealth        | |  4.5
Shields        | |  0.6
Unarmed Combat | |  0.9
Spellcasting   | |  2.0
Conjurations   | |  0.4
Hexes          | |  4.9
Summonings     | |  0.8
Necromancy     | |  0.9
Translocations | |  0.5
Transmutations | |  0.9
Fire Magic     | |  0.5
Air Magic      | |  0.8
Earth Magic    | |  0.8
Invocations    | |  0.6
Evocations     | |  0.6

Action                   || total
-------------------------++-------
Melee: Dagger            ||    20
  Use: Potion            ||     1
 Stab: Sleeping          ||     3
Armor: Robe              ||     1
Dodge: Dodged            ||    13
